 Dungeon Crawl Stone Soup version 0.29.1-12-g30fa7ad0bf (webtiles) character file.

Game seed: 1949978950016032718

2 xian the Chucker (level 1, 0/16 HPs)
             Began as an Ogre Wanderer on Dec 23, 2022.
             Slain by a hobgoblin (3 damage)
             ... on level 1 of the Dungeon.
             The game lasted 00:00:35 (87 turns).

xian the Chucker (Ogre Wanderer)                      Turns: 87, Time: 00:00:35

Health: 0/16       AC:  3    Str: 16    XL:     1   Next: 40%
Magic:  0/2        EV:  9    Int: 13    God:
Gold:   0          SH:  0    Dex:  7    Spells: 1/2 levels left

rFire   . . .      SeeInvis .   a - +2 dagger
rCold   . . .      Faith    .   (no shield)
rNeg    . . .      Spirit   .   f - +0 robe
rPois   .          Reflect  .   (helmet restricted)
rElec   .          Harm     .   (no cloak)
rCorr   .          Rampage  .   (gloves unavailable)
Will    .....                   (boots unavailable)
Stlth   ++........              (no amulet)
HPRegen 0.05/turn               (no ring)
MPRegen 0.08/turn               (no ring)

@: no status effects
A: large, unfitting armour, tough skin 1
a: no special abilities


You were on level 1 of the Dungeon.
You visited 1 branch of the dungeon, and saw 1 of its levels.

Inventory:

Hand Weapons
 a - a +2 dagger (weapon)
 d - a +0 dagger
Missiles
 c - 7 boomerangs (quivered)
Armour
 f - a +0 robe (worn)
Potions
 b - a potion of invisibility
 e - a potion of curing


   Skills:
 + Level 3.1 Throwing
 + Level 1.3 Dodging
 + Level 2.2 Stealth
 + Level 1.2 Spellcasting
 + Level 1.0 Summonings


You had one spell level left.
You knew the following spells:

 Your Spells              Type           Power      Damage    Failure   Level
a - Summon Small Mammal   Summ           12%        N/A       19%         1

Your spell library contained the following spells:

 Spells                   Type           Power      Damage    Failure   Level
 Summon Guardian Golem    Hex/Summ       2%         N/A       56%         3


Dungeon Overview and Level Annotations

Branches:
Dungeon (1/15)

Altars:


Innate Abilities, Weirdness & Mutations

You are too large for most types of armour.
You have tough skin. (AC +1)


Message History

The goblin completely misses you.
Your bat barely misses the goblin.
Unknown command.
You hit the goblin.
The goblin is severely wounded.
Your bat hits the goblin.
The goblin dies!
Unknown command.
You see here a +0 club.
Magic restored.
Your bat disappears in a puff of smoke!
A hobgoblin comes into view.
Casting: Summon Small Mammal (safe; 19% risk of failure)
Confirm with . or Enter, or press ? or * to list all spells.
Your bat hits the hobgoblin but does no damage.
Your bat closely misses the hobgoblin.
Your bat hits the hobgoblin.
Your bat hits the hobgoblin but does no damage.
Unknown command.
The hobgoblin attacks as you move away! The hobgoblin barely misses you.
Your bat hits the hobgoblin but does no damage.
The hobgoblin hits your bat.
Your bat dies!
Your bat's corpse disappears in a puff of smoke!
Casting: Summon Small Mammal (safe; 19% risk of failure)
Confirm with . or Enter, or press ? or * to list all spells.
You barely miss the hobgoblin.
The hobgoblin is moderately wounded.
Your bat hits the hobgoblin. The hobgoblin hits you.
* * * LOW HITPOINT WARNING * * *
Your bat hits the hobgoblin but does no damage.
Unknown command.
You hit the hobgoblin but do no damage.
The hobgoblin is heavily wounded.
Your bat closely misses the hobgoblin.
The hobgoblin hits you.
* * * LOW HITPOINT WARNING * * *
Unknown command.
You closely miss the hobgoblin.
The hobgoblin is heavily wounded.
Your bat closely misses the hobgoblin.
The hobgoblin hits you.
You die...

#####... #.......
#....... ######
...... #~~≈≈# #...
.
#~##≈#####.###....
#~~~~#b)..........
#~#<~'g#....[.....
#~#~≈#@#.##.#.....
#~##≈#.#.# .# ....
~#~~≈#.#.# .. ...
# ####...# ... ..
..... .... . #.###
.#... ... ###


You could see a hobgoblin (ally target) and a friendly bat (summoned).

Vanquished Creatures
  A hobgoblin (D:1)
1 creature vanquished.

Vanquished Creatures (collateral kills)
  A goblin (D:1)
1 creature vanquished.

Grand Total: 2 creatures vanquished

Notes
Turn   | Place    | Note
-------+----------+-------------------------------------------
     0 | D:1      | xian the Ogre Wanderer began the quest for the Orb.
     0 | D:1      | xian set off with the following items: a +2 dagger, a
                  | potion of invisibility, 7 boomerangs, a +0 dagger, a potion
                  | of curing, a +0 robe; and the following spell memorised:
                  | Summon Small Mammal; and the following spells available to
                  | memorise: Summon Guardian Golem.
     0 | D:1      | Reached XP level 1. HP: 16/16 MP: 2/2
    87 | D:1      | Slain by a hobgoblin

Illustrated notes

Levels and vault maps discovered:
D:1:      ncdulo_wetmaze, layout_basic, basic_ecumenical_altar

Action                   || total
-------------------------++-------
Melee: Dagger            ||     9
 Cast: Summon Small Mamm ||     3
Dodge: Dodged            ||     5
